 Dungeon Crawl Stone Soup version 0.23.2-40-g277498a001 (webtiles) character file.

Game seed: 12733834285011019238

44 Chiseanne the Magician (level 3, -1/25 HPs)
             Began as a Mummy Fire Elementalist on Oct 11, 2019.
             Slain by a jackal (2 damage)
             ... on level 1 of the Dungeon.
             The game lasted 00:04:08 (1439 turns).

Chiseanne the Magician (Mummy Fire Elementalist)    Turns: 1439, Time: 00:04:08

Health: -1/25      AC:  2    Str: 11    XL:     3   Next: 41%
Magic:  2/7        EV: 12    Int: 19    God:
Gold:   29         SH:  0    Dex: 12    Spells: 2/8 levels left

rFire    x . .     SeeInvis .   f - +0 mace
rCold    + . .     Gourm    .   (no shield)
rNeg     + + +     Faith    .   a - +0 robe
rPois    ∞         Spirit   .   (no helmet)
rElec    .         Reflect  .   (no cloak)
rCorr    .         Harm     .   (no gloves)
MR       .....                  (no boots)
Stlth    ++........             (no amulet)
HPRegen  0.08/turn              j - +4 ring of intelligence
MPRegen  0.10/turn              (no ring)

@: very slightly contaminated
A: no food or potions, fire vulnerability, cold resistance 1, negative energy
resistance 3, torment resistance, unbreathing
a: no special abilities


You were on level 1 of the Dungeon.
You were not hungry.

You visited 1 branch of the dungeon, and saw 2 of its levels.

You collected 29 gold pieces.

Inventory:

Hand Weapons
 d - a +0 dagger
 f - a +0 mace (weapon)
 g - a +0 whip
Missiles
 c - 27 arrows
 e - 62 stones (quivered)
 i - 21 poisoned needles
Armour
 a - a +0 robe (worn)
Jewellery
 j - a +4 ring of intelligence (left hand)
Scrolls
 b - a scroll of blinking {unknown}
 h - a scroll of remove curse


   Skills:
 + Level 0.8 Fighting
 + Level 1.7 Dodging
 - Level 1.5 Stealth
 * Level 3.2 Spellcasting
 * Level 1.5 Conjurations
 * Level 2.8 Fire Magic


You had 2 spell levels left.
You knew the following spells:

 Your Spells              Type           Power        Failure   Level  Hunger
a - Flame Tongue          Conj/Fire      ##...        6%          1    N/A
b - Throw Flame           Conj/Fire      ##....       9%          2    N/A
c - Conjure Flame         Conj/Fire      ##......     19%         3    N/A

Your spell library contained the following spells:

 Spells                   Type           Power        Failure   Level  Hunger
 Inner Flame              Hex/Fire       #.......     26%         3    N/A
 Sticky Flame             Conj/Fire      ##......     52%         4    N/A
 Fireball                 Conj/Fire      ##........   86%         5    N/A

Dungeon Overview and Level Annotations

Branches:
Dungeon (2/15)

Altars:


Innate Abilities, Weirdness & Mutations

You do not eat or drink.
Your flesh is vulnerable to fire.
You are immune to poison.
Your flesh is cold resistant. (rC+)
You are immune to negative energy. (rN+++)
You are immune to unholy pain and torment.
You can survive without breathing.


Message History

The jackal bites you.
* * * LOW HITPOINT WARNING * * *
You hit the jackal.
The jackal is almost dead.
The jackal closely misses you. The jackal barely misses you.
Casting: Flame Tongue (safe; 6% risk of failure)
Confirm with . or Enter, or press ? or * to list all spells.
Aiming: Flame Tongue (safe; 6% risk of failure)
Press: ? - help, Shift-Dir - straight line, f - jackal
Aim: a jackal (severely wounded)
You miscast Flame Tongue.
You are very lightly contaminated with residual magic.
Your skin tingles.
The jackal bites you.
* * * LOW HITPOINT WARNING * * *
You barely miss the jackal.
The jackal is severely wounded.
The jackal bites you.
* * * LOW HITPOINT WARNING * * *
The jackal bites you.
You die...

############
#......#...#######
#.####.#.>.hh@...#
#.####.#...#####.#
#.##......##
#.######
#.##.#.####
#......# #.##.#.#
######.# #......#
#.#
###...############
###.##
#.......##.......#
#..†.##
#.......##.......#
#.#...#


You could see 2 jackals.

Vanquished Creatures
  An adder (D:1)
  An ooze (D:1)
  3 leopard geckos
  2 giant cockroaches (D:1)
  2 goblins (D:1)
  3 hobgoblins (D:1)
  3 jackals
  A ball python (D:1)
  4 frilled lizards (D:1)
  4 kobolds
  7 rats (D:1)
31 creatures vanquished.

Notes
Turn   | Place    | Note
-------+----------+-------------------------------------------
     0 | D:1      | Chiseanne the Mummy Fire Elementalist began the quest for
                  | the Orb.
     0 | D:1      | Reached XP level 1. HP: 13/13 MP: 4/4
   240 | D:1      | Reached skill level 1 in Conjurations
   369 | D:1      | Reached XP level 2. HP: 19/19 MP: 5/5
   585 | D:1      | Reached skill level 3 in Spellcasting
  1051 | D:1      | Reached XP level 3. HP: 21/25 MP: 3/7
  1411 | D:1      | Learned a level 2 spell: Throw Flame
  1415 | D:1      | Learned a level 3 spell: Conjure Flame
  1439 | D:1      | HP: 1/25 [jackal (2)]
  1439 | D:1      | Slain by a jackal

Skill      XL: |  1  2 |
---------------+-------+-----
Conjurations   | 1 |  1.5
Spellcasting   | 3 |  3.2
Fighting       | |  0.8
Dodging        | |  1.7
Stealth        | |  1.5
Fire Magic     | |  2.8

Action                   || total
-------------------------++-------
Melee: Dagger            ||    37
       Unarmed           ||     8
       Mace              ||     7
 Cast: Flame Tongue      ||    36
  Use: Scroll            ||     3
 Stab: Sleeping          ||     5
Armor: Robe              ||    14
Dodge: Dodged            ||    68
